 Dungeon Crawl Stone Soup version 0.24.0-29-g8ce449bc06 (webtiles) character file.

Game seed: 5000072529856710072, levelgen mode: deterministic

130 Exporg the Poker (level 4, -12/34 HPs)
             Began as a Demonspawn Gladiator on Nov 15, 2019.
             Killed by nerve-wracking pain
             ... invoked by Grinder
              (13 damage)
             ... on level 3 of the Dungeon.
             The game lasted 00:04:29 (2685 turns).

Exporg the Poker (Demonspawn Gladiator)             Turns: 2685, Time: 00:04:29

Health: -12/34     AC:  8    Str: 16    XL:     4   Next: 90%
Magic:  4/4        EV: 13    Int:  9    God:
Gold:   123        SH:  6    Dex: 19    Spells: 3/3 levels left

rFire    . . .     SeeInvis .   a - +0 trident
rCold    . . .     Gourm    .   (no shield)
rNeg     . . .     Faith    .   m - +0 chain mail
rPois    .         Spirit   .   (helmet restricted)
rElec    .         Reflect  .   (no cloak)
rCorr    .         Harm     .   (no gloves)
MR       .....                  (no boots)
Stlth    ..........             (no amulet)
HPRegen  0.11/turn              (no ring)
MPRegen  0.09/turn              (no ring)

@: agile
A: antennae 1, large bone plates 2
a: no special abilities


You were on level 3 of the Dungeon.
You were not hungry.

You visited 1 branch of the dungeon, and saw 3 of its levels.

You collected 123 gold pieces.

Inventory:

Hand Weapons
 a - a +0 trident (weapon)
 q - a +0 hunting sling
Missiles
 d - 3 throwing nets (quivered)
 p - 53 stones
Armour
 b - a +0 leather armour
 c - a +0 helmet
 m - a +0 chain mail (worn)
Scrolls
 e - a scroll of noise {unknown}
 g - 3 scrolls of teleportation {unknown}
 h - 2 scrolls of enchant armour {unknown}
 i - a scroll of amnesia {unknown}
 l - 2 scrolls of identify {unknown}
 o - a scroll of blinking {unknown}
 s - a scroll of random uselessness {unknown}
Comestibles
 f - 2 rations


   Skills:
 + Level 2.7 Fighting
 + Level 4.2 Polearms
 + Level 1.7 Throwing
 + Level 1.2 Armour
 + Level 3.1 Dodging


You had 3 spell levels left.
You didn't know any spells.
Your spell library was empty.

Dungeon Overview and Level Annotations

Branches:
Dungeon (3/15)

Altars:
Okawaru

Annotations:
D:3 Grinder


Innate Abilities, Weirdness & Mutations

You have a pair of small antennae on your head.
You are mostly covered in large bone plates. (SH +6)


Message History

Pain shoots through your body!
* * * LOW HITPOINT WARNING * * *
Grinder hits you.
* * * LOW HITPOINT WARNING * * *
You writhe in agony.
* * * LOW HITPOINT WARNING * * *
You can move again.
Unknown command.
You aren't carrying any potions.
You closely miss Grinder.
Grinder is heavily wounded.
You block Grinder's attack.
You hit Grinder but do no damage.
Grinder is heavily wounded.
You block Grinder's attack.
You puncture Grinder!
Grinder is severely wounded.
Grinder gestures at you. Pain shoots through your body!
You die...

#.# ##.......## #.#
#.........#
.#####.####.........#
..........#.........#
.$........#.........#
..........#.........#
..........#.........#
.....$).............#
.......@5.#.........#
..........#........(#
.........!#.........
...>.....>##.......#
..........###.....##
########### ######


You could see Grinder.

Vanquished Creatures
  3 gnolls
  4 adders
  2 oozes (D:1)
  2 worms (D:2)
  2 leopard geckos (D:2)
  An orc (D:3)
  A giant cockroach (D:2)
  7 goblins (D:2)
  8 hobgoblins
  5 kobolds
  A quokka (D:2)
  4 bats (D:2)
  5 frilled lizards
  5 rats
50 creatures vanquished.

Notes
Turn   | Place    | Note
-------+----------+-------------------------------------------
     0 | D:1      | Exporg the Demonspawn Gladiator began the quest for the
                  | Orb.
     0 | D:1      | Reached XP level 1. HP: 16/16 MP: 1/1
   331 | D:1      | Reached skill level 3 in Polearms
   331 | D:1      | Gained mutation: You are partially covered in large bone
                  | plates. (SH +4) [demonic ancestry]
   331 | D:1      | Reached XP level 2. HP: 22/22 MP: 2/2
   889 | D:2      | Gained mutation: You are mostly covered in large bone
                  | plates. (SH +6) [demonic ancestry]
   889 | D:2      | Reached XP level 3. HP: 21/27 MP: 3/3
  1174 | D:2      | Found an iron altar of Okawaru.
  1479 | D:2      | Gained mutation: You have a pair of small antennae on your
                  | head. [demonic ancestry]
  1479 | D:2      | Reached XP level 4. HP: 34/34 MP: 4/4
  1924 | D:2      | Reached skill level 4 in Polearms
  2017 | D:3      | Reached skill level 1 in Armour
  2129 | D:2      | HP: 1/34 [gnoll/+0 flail (13)]
  2657 | D:3      | Noticed Grinder
  2662 | D:3      | Paralysed by Grinder for 6 turns
  2678 | D:3      | Paralysed by Grinder for 5 turns
  2682 | D:3      | HP: 1/34 [Grinder (2)]
  2685 | D:3      | Killed from afar by Grinder

Levels and vault maps discovered:
D:1:      elethiomel_arrival_infinity_welcomes_careful_drivers, layout_rooms,
          kennysheep_small_spiral
D:2:      layout_loops_ring, overflow_temple_1_default, first_ration
D:3:      layout_rooms, uniq_grinder

Skill      XL: |  1  2  3  4 |
---------------+-------------+-----
Polearms       | 3 4 |  4.2
Dodging        | 3 |  3.1
Armour         | 1 |  1.2
Fighting       | |  2.7
Throwing       | |  1.7

Action                   |  1- 3 |  4- 6 || total
-------------------------+-------+-------++-------
Melee: Trident           |   125 |    93 ||   218
  Use: Potion            |       |     5 ||     5
 Stab: Sleeping          |     2 |       ||     2
       Distracted        |     1 |       ||     1
  Eat: Chunk             |     2 |     4 ||     6
Armor: Leather armour    |    20 |     5 ||    25
       Chain mail        |       |    10 ||    10
Dodge: Dodged            |    64 |    46 ||   110
Block: Other             |    16 |    28 ||    44
